 Dungeon Crawl Stone Soup version 0.30.0-2-g1aa4bd4387 (webtiles) character file.

Game seed: 9028779776806389458

2870 wpisznazwe the Spear-Bearer (level 9, -5/82 HPs)
             Began as a Hill Orc Fighter on May 7, 2023.
             Killed from afar by an electric eel (6 damage)
             ... with a bolt of electricity
             ... in a bailey.
             The game lasted 00:22:48 (10996 turns).

wpisznazwe the Spear-Bearer (Hill Orc Fighter)     Turns: 10996, Time: 00:22:48

Health: -5/82      AC:  7    Str: 23      XL:     9   Next: 76%
Magic:  9/9        EV: 10    Int:  7 (8)  God:
Gold:   406        SH: 11    Dex: 16      Spells: 8/8 levels left

rFire   . . .        a - +0 trident
rCold   . . .        c - +0 buckler
rNeg    . . .        F - +2 leather armour {Will+}
rPois   +            (no helmet)
rElec   .            (no cloak)
rCorr   .            k - +0 pair of gloves
SInv    .            (no boots)
Will    +....        A - amulet of reflection
Stlth   +            q - +6 ring of dexterity
HPRegen 0.33/turn    y - ring of poison resistance
MPRegen 0.11/turn

%: reflection
@: studying Spellcasting
A: no striking features
a: no special abilities


You were in a bailey.
You visited 1 branch of the dungeon, and saw 7 of its levels.
You also visited: Sewer and Bailey.

You collected 406 gold pieces.

Inventory:

Hand Weapons
 a - a +0 trident (weapon)
 d - a +0 broad axe
 w - a +2 shortbow of flaming
Missiles
 r - 2 throwing nets
 u - 6 boomerangs (quivered)
Armour
 c - a +0 buckler (worn)
 k - a +0 pair of gloves (worn)
 l - a +2 leather armour of cold resistance
 F - a +2 leather armour of willpower (worn)
Jewellery
 e - a ring of magical power
 q - a +6 ring of dexterity (left hand)
 y - a ring of poison resistance (right hand)
 A - an amulet of reflection (around neck)
 G - a +6 ring of dexterity
Wands
 b - a wand of roots (11)
 v - a wand of acid (9)
Scrolls
 f - a scroll of teleportation
 h - a scroll of noise
 i - a scroll of butterflies {unknown}
 n - a scroll of enchant armour {unknown}
 p - 2 scrolls of poison {unknown}
 t - 2 scrolls of vulnerability {unknown}
 C - a scroll of enchant weapon {unknown}
 D - a scroll of fear {unknown}
 E - a scroll of blinking {unknown}
 H - 3 scrolls of fog {unknown}
 I - a scroll of torment {unknown}
Potions
 g - a potion of flight {unknown}
 j - a potion of curing
 m - a potion of mutation {unknown}
 o - a potion of brilliance {unknown}
 s - a potion of berserk rage {unknown}
 z - 2 potions of invisibility {unknown}
 B - a potion of resistance {unknown}


   Skills:
 * Level 8.3 Fighting
 * Level 10.2 Polearms
 + Level 1.2 Throwing
 * Level 5.7 Armour
 + Level 6.8 Shields


You had 8 spell levels left.
You didn't know any spells.
Your spell library contained the following spells:

 Spells                   Type           Power      Damage    Failure   Level
 Beastly Appendage        Tmut           0%         N/A       52%         1
 Magic Dart               Conj           0%         1d3       52%         1
 Searing Ray              Conj           0%         2d4       67%         2
 Wereblood                Tmut           0%         N/A       67%         2
 Spider Form              Tmut/Pois      0%         N/A       88%         3
 Vhi's Electric Charge    Tloc/Air       0%         N/A       88%         3
 Fulminant Prism          Conj/Hex       0%         3d5       99%         4
 Arcjolt                  Conj/Air       0%         1d10      100%        5
 Malign Gateway           Summ/Tloc      0%         N/A       100%        7
 Maxwell's Capacitive Co  Air            0%         ∞         100%        8
 Summon Horrible Things   Summ           0%         N/A       100%        8


Dungeon Overview and Level Annotations

Branches:
Dungeon (7/15)              Sewer (visited)          Bailey (1/1)
 Temple: D:4-7

Altars:
Ashenzari
Elyvilon
Okawaru
Ru


Message History

The orc warrior is severely wounded.
You block the orc warrior's attack. The hobgoblin barely misses you.
You hit the orc warrior but do no damage.
The orc warrior is severely wounded.
You closely miss the orc warrior.
The orc warrior is severely wounded.
You block the orc warrior's attack.
The hobgoblin hits you with a +0 hand axe.
You barely miss the orc warrior.
The orc warrior is severely wounded.
The orc warrior closely misses you.
The hobgoblin hits you with a +0 hand axe.
* * * LOW HITPOINT WARNING * * *
You closely miss the orc warrior.
The orc warrior is severely wounded.
The orc warrior closely misses you. The hobgoblin barely misses you.
Unknown command.
You puncture the orc warrior!
The orc warrior is almost dead.
You block the orc warrior's attack.
The hobgoblin hits you with a +0 hand axe!
* * * LOW HITPOINT WARNING * * *
You puncture the orc warrior!
You kill the orc warrior!
You hit the hobgoblin.
You kill the hobgoblin!
You hit the goblin.
The goblin is heavily wounded.
The goblin barely misses you. You block the orc's attack.
You closely miss the goblin.
The goblin is heavily wounded.
The goblin hits you but does no damage. The orc hits you with a +0 hand axe.
* * * LOW HITPOINT WARNING * * *
The electric eel shoots out a bolt of lightning at you!
The bolt of electricity hits you!
* * * LOW HITPOINT WARNING * * *
The goblin attacks as you move away! You block the goblin's attack.
The electric eel shoots out a bolt of lightning at you!
The bolt of electricity hits you.
You die...

≈≈≈≈ #≈≈≈ ####~~~
#≈≈≈≈ #..'.
#≈≈≈≈≈#+#..#######
#≈≈≈≈≈#...)).....#
#≈≈≈≈≈#og..#
#≈≈≈≈≈#g######
#≈≈≈≈≈~.#o.'.#
#≈≈≈≈≈~@#:.#
#≈≈≈≈≈~.#..# ##
#≈≈≈≈≈~.######### .
#.
#≈≈≈≈≈~.#..8.8..#....
#.
#≈≈≈≈≈~∩........'._.o
#.
#≈≈≈≈≈~.#..8.8..#....
#. #≈S≈≈≈~.#########
. #. #≈≈≈≈≈~.#..# ###
#≈≈≈≈≈~.#[[# #..


You could see an orc warrior, an electric eel, a gnoll, an orc and a goblin.

Vanquished Creatures
  An orc sorcerer (Bailey)
  A black bear (D:6)
  6 orc warriors
  4 ogres
  A kobold brigand (D:6)
  3 bullfrogs
  A scorpion (D:5)
  An electric eel (Bailey)
  2 howler monkeys (D:4)
  3 hounds
  2 orc priests
  A gnoll bouda (D:5)
  Jessica (D:2)
  3 orc wizards
  4 iguanas
  33 gnolls
  14 adders
  4 river rats
  A shadow imp (D:6)
  A white imp (D:6)
  An ufetubus (D:6)
  3 worms
  4 dart slugs
  The ghost of Rrauwl the Sneak, a weakling DEDe (D:5)
  26 orcs
  7 bats
  5 endoplasms
  5 giant cockroaches
  8 goblins
  10 hobgoblins
  18 jackals
  4 quokkas
  15 ball pythons
  6 frilled lizards
  6 kobolds
  42 rats
248 creatures vanquished.

Vanquished Creatures (others)
  A quokka (D:3)
  A plant (D:4)
2 creatures vanquished.

Grand Total: 250 creatures vanquished

Notes
Turn   | Place    | Note
-------+----------+-------------------------------------------
     0 | D:1      | wpisznazwe the Hill Orc Fighter began the quest for the
                  | Orb.
     0 | D:1      | Reached XP level 1. HP: 19/19 MP: 1/1
   145 | D:1      | Reached XP level 2. HP: 26/27 MP: 2/2
   957 | D:2      | Reached XP level 3. HP: 33/33 MP: 3/3
  1044 | D:2      | Noticed Jessica
  1054 | D:2      | Killed Jessica
  1055 | D:2      | Reached XP level 4. HP: 24/41 MP: 4/4
  1142 | D:2      | Reached skill level 3 in Polearms
  1785 | D:3      | Found a white marble altar of Elyvilon.
  1820 | D:3      | HP: 1/41 [orc priest/divine providence (12)]
  1823 | D:3      | Reached XP level 5. HP: 1/47 MP: 5/5
  1921 | D:3      | Reached skill level 4 in Polearms
  3135 | D:4      | HP: 2/47 [something (2)]
  3190 | D:4      | Reached XP level 6. HP: 26/55 MP: 6/6
  3422 | D:4      | Found a sacrificial altar of Ru.
  3422 | D:4      | Found an iron altar of Okawaru.
  3565 | D:4      | Reached skill level 5 in Fighting
  3565 | D:4      | Reached skill level 5 in Polearms
  4559 | D:4      | Reached XP level 7. HP: 60/61 MP: 7/7
  4783 | D:4      | Reached skill level 6 in Polearms
  5464 | D:5      | Entered Level 5 of the Dungeon
  5533 | D:5      | Found a broken altar of Ashenzari.
  5576 | D:5      | Found a runed translucent gate.
  5577 | D:5      | Found a runed translucent gate.
  5578 | D:5      | Found a runed translucent gate.
  5745 | D:5      | Reached skill level 7 in Polearms
  5847 | D:5      | Noticed Rrauwl's ghost (weakling DEDe)
  5861 | D:5      | Killed Rrauwl's ghost
  6043 | D:5      | Reached XP level 8. HP: 33/70 MP: 8/8
  6646 | D:6      | Found a glowing drain.
  6655 | Sewer    | Entered a sewer
  7049 | Sewer    | Reached skill level 8 in Polearms
  7266 | D:6      | Reached skill level 5 in Shields
  7310 | D:6      | Reached skill level 5 in Armour
  8049 | D:6      | Reached XP level 9. HP: 79/79 MP: 9/9
  8175 | D:6      | Reached skill level 9 in Polearms
  8591 | D:7      | Found a flagged portal.
  8598 | Bailey   | Entered a bailey
  9304 | Bailey   | HP: 2/79 [electric eel/bolt of electricity (10)]
  9916 | Bailey   | Reached skill level 1 in Throwing
 10070 | Bailey   | Found an iron altar of Okawaru.
 10072 | Bailey   | Noticed an orc high priest
 10072 | Bailey   | Noticed an orc sorcerer
 10115 | Bailey   | Noticed an orange demon
 10120 | Bailey   | Killed an orc sorcerer
 10121 | Bailey   | Reached skill level 10 in Polearms
 10361 | Bailey   | Acquired a manual of Spellcasting
 10995 | Bailey   | HP: 1/82 [electric eel/bolt of electricity (12)]
 10996 | Bailey   | Killed from afar by an electric eel

Illustrated notes

Levels and vault maps discovered:
D:1:      grunt_arrival_crossed_arrows, layout_basic, hangedman_decor_growths
D:2:      layout_basic, minmay_rat_gold_closets, uniq_jessica
D:3:      layout_loops_corners, elyvilon_altar_4
D:4:      lemuel_castle_with_subvaults [lemuel_castle_interior_carwin_3],
          layout_loops_corners, gammafunk_temple_overflow_statue
D:5:      layout_basic, evilmike_ruin_ashenzari, ebering_ghost_rock_garden
D:6:      kb_forest_paths, layout_rooms, gup_sewer_entry_spiral
D:7:      minmay_polygon_palace, layout_basic, amethyst_overflow_temple_binary,
          minmay_temple_entry_hall, enter_bailey_6
Bailey:   bailey_axe_of_yendor_kennysheep, bailey

Skill      XL: |  1  2  3  4  5  6  7  8  9 |
---------------+----------------------------+-----
Fighting       | 4 5 6 7 8 |  8.3
Armour         | 4 5 |  5.7
Polearms       | 3 4 5 7 8 10 | 10.2
Shields        | 4 6 |  6.8
Throwing       | 1 |  1.2

Action                     |  1- 3 |  4- 6 |  7- 9 || total
---------------------------+-------+-------+-------++-------
  Melee: Trident           |   114 |   344 |   591 ||  1049
  Throw: Dart              |       |       |    20 ||    20
         Boomerang         |       |       |    11 ||    11
         Throwing net      |       |       |     1 ||     1
  Evoke: Wand              |       |       |     1 ||     1
    Use: Potion            |       |     3 |     6 ||     9
         Scroll            |       |     1 |     5 ||     6
 Armour: Scale mail        |    30 |       |       ||    30
         Leather armour    |     8 |   135 |   154 ||   297
  Dodge: Dodged            |    56 |   134 |   216 ||   406
  Block: Buckler           |    18 |    60 |   248 ||   326
         Reflection        |       |       |     3 ||     3
